[ AOE2 MATCH · #505668905 ]
UnrankedKhmer vs Poles
Player's team · LOSS
Rival team · WIN
[ REPLAY ANALYSIS · EXTRACTED FROM THE RECORDED GAME ]
Feudal
9:48
Castle
24:33
Imperial
—
| APM avg | 72.0 |
| APM peak | 121 |
| eAPM avg | 37.2 |
| Villagers / military | 95 / 108 |
Focus
⚔️ 50.2% · 🌾 49.8%
Archer ×103 · Scout Cavalry ×4 · Knight ×1
Feudal
8:50
Castle
24:31
Imperial
—
| APM avg | 56.0 |
| APM peak | 149 |
| eAPM avg | 25.6 |
| Villagers / military | 85 / 60 |
Focus
⚔️ 41.0% · 🌾 59.0%
Knight ×41 · Scout Cavalry ×11 · Spearman ×5 · Mangonel ×3
Match map
Initial resources + every placement click. Lines = walls · curves = elevation contours. ◆ gold · ⬟ stone · ● berries · ✦ relic · ◌ wall gap
Your base· Open — 3t gap
Roxola1285's base· Open — unwalled flank
Smoothed initial terrain · ◌ = detected wall gap · hover for details
Inputs per minute
— Hackali - - Roxola1285
Build order — Hackali
First 150 of 312 actions detected
| 0:00 | Create | Villager (Male) |
| 0:01 | Build | House |
| 0:02 | Build | House |
| 0:04 | Create | Villager (Male) |
| 0:04 | Create | Villager (Male) |
| 0:17 | Create | Villager (Male) |
| 0:17 | Create | Villager (Male) |
| 1:38 | Create | Villager (Male) |
| 1:38 | Create | Villager (Male) |
| 1:38 | Create | Villager (Male) |
| 1:44 | Create | Villager (Male) |
| 1:44 | Create | Villager (Male) |
| 2:16 | Create | Villager (Male) |
| 2:16 | Create | Villager (Male) |
| 2:52 | Create | Villager (Male) |
| 2:52 | Create | Villager (Male) |
| 3:09 | Create | Villager (Male) |
| 3:09 | Create | Villager (Male) |
| 3:19 | Build | Lumber Camp |
| 3:25 | Create | Villager (Male) |
| 3:55 | Create | Villager (Male) |
| 3:57 | Build | House |
| 4:00 | Create | Villager (Male) |
| 4:00 | Create | Villager (Male) |
| 4:07 | Build | House |
| 4:29 | Create | Villager (Male) |
| 4:29 | Create | Villager (Male) |
| 4:45 | Build | Palisade Wall |
| 4:47 | Build | Palisade Wall |
| 4:56 | Create | Villager (Male) |
| 5:22 | Build | House |
| 5:37 | Build | Palisade Wall |
| 5:40 | Create | Villager (Male) |
| 5:45 | Build | Palisade Wall |
| 6:05 | Build | Palisade Wall |
| 6:09 | Create | Villager (Male) |
| 6:31 | Create | Villager (Male) |
| 6:35 | Build | Mill |
| 6:53 | Build | Palisade Wall |
| 7:03 | Research | Loom |
| 7:10 | Build | Palisade Wall |
| 7:23 | Build | Palisade Wall |
| 7:33 | Research | Feudal Age |
| 8:00 | Build | House |
| 8:09 | Build | Palisade Wall |
| 8:21 | Create | Villager (Male) |
| 8:26 | Build | Palisade Wall |
| 8:43 | Create | Villager (Male) |
| 9:01 | Build | Palisade Wall |
| 9:12 | Create | Villager (Male) |
| 9:36 | Build | Palisade Wall |
| 9:48 | Age | Feudal Age |
| 9:52 | Create | Villager (Male) |
| 9:54 | Build | Stable |
| 9:59 | Build | House |
| 9:59 | Build | Palisade Wall |
| 10:00 | Build | Palisade Wall |
| 10:01 | Research | Double-Bit Axe |
| 10:19 | Research | Horse Collar |
| 10:20 | Research | Horse Collar |
| 10:38 | Create | Scout Cavalry |
| 10:39 | Create | Scout Cavalry |
| 10:42 | Build | House |
| 10:48 | Build | Palisade Wall |
| 10:50 | Build | Palisade Wall |
| 10:52 | Build | Palisade Wall |
| 10:59 | Build | House |
| 11:14 | Build | Palisade Wall |
| 11:22 | Build | Palisade Wall |
| 11:23 | Create | Villager (Male) |
| 11:25 | Create | Villager (Male) |
| 11:45 | Create | Villager (Male) |
| 11:53 | Create | Scout Cavalry |
| 11:54 | Create | Scout Cavalry |
| 11:57 | Create | Villager (Male) |
| 12:12 | Build | Farm |
| 12:12 | Create | Villager (Male) |
| 12:13 | Build | Farm |
| 12:57 | Create | Villager (Male) |
| 12:58 | Build | Farm |
| 12:59 | Build | Farm |
| 13:03 | Build | Farm |
| 13:03 | Build | Farm |
| 13:04 | Build | Farm |
| 13:25 | Build | Farm |
| 13:27 | Create | Villager (Male) |
| 13:28 | Create | Villager (Male) |
| 13:28 | Create | Villager (Male) |
| 13:44 | Build | House |
| 13:48 | Build | Mining Camp |
| 13:52 | Create | Villager (Male) |
| 14:01 | Build | Farm |
| 14:06 | Build | House |
| 14:09 | Build | Palisade Wall |
| 14:12 | Create | Villager (Male) |
| 14:35 | Build | Archery Range |
| 14:43 | Build | House |
| 14:46 | Build | Palisade Wall |
| 14:50 | Create | Villager (Male) |
| 14:53 | Build | Farm |
| 15:16 | Build | House |
| 15:19 | Create | Villager (Male) |
| 15:20 | Create | Archer |
| 15:20 | Create | Archer |
| 15:21 | Build | Farm |
| 15:31 | Build | House |
| 15:38 | Create | Archer |
| 15:44 | Create | Villager (Male) |
| 16:04 | Build | Blacksmith |
| 16:05 | Create | Villager (Male) |
| 16:07 | Create | Archer |
| 16:07 | Create | Archer |
| 16:09 | Build | Palisade Wall |
| 16:24 | Build | Palisade Wall |
| 16:34 | Create | Villager (Male) |
| 16:35 | Create | Archer |
| 16:38 | Build | House |
| 16:45 | Build | Farm |
| 16:48 | Create | Villager (Male) |
| 17:00 | Build | Farm |
| 17:03 | Research | Fletching |
| 17:03 | Research | Fletching |
| 17:09 | Create | Archer |
| 17:25 | Build | Mining Camp |
| 17:30 | Build | House |
| 17:34 | Build | Palisade Wall |
| 17:43 | Create | Archer |
| 18:00 | Build | Watch Tower |
| 18:08 | Create | Villager (Male) |
| 18:15 | Create | Archer |
| 18:25 | Create | Archer |
| 18:34 | Create | Archer |
| 18:37 | Create | Villager (Male) |
| 18:37 | Create | Villager (Male) |
| 18:43 | Build | Farm |
| 18:43 | Build | Farm |
| 18:43 | Build | Farm |
| 18:43 | Build | Farm |
| 18:44 | Build | Farm |
| 19:13 | Create | Villager (Male) |
| 19:23 | Create | Archer |
| 19:34 | Build | Farm |
| 19:35 | Build | Farm |
| 19:35 | Build | Farm |
| 19:35 | Build | Farm |
| 19:35 | Build | Farm |
| 19:35 | Build | Farm |
| 19:36 | Build | Farm |
| 19:44 | Create | Villager (Male) |
| 20:04 | Create | Villager (Male) |
Build order — Roxola1285
First 150 of 242 actions detected
| 0:00 | Create | Villager (Male) |
| 0:01 | Create | Villager (Male) |
| 0:02 | Build | House |
| 0:03 | Build | House |
| 0:11 | Create | Villager (Male) |
| 0:38 | Create | Villager (Male) |
| 1:30 | Create | Villager (Male) |
| 1:47 | Build | Lumber Camp |
| 1:58 | Create | Villager (Male) |
| 1:59 | Create | Villager (Male) |
| 1:59 | Create | Villager (Male) |
| 2:25 | Create | Villager (Male) |
| 2:33 | Create | Villager (Male) |
| 3:16 | Create | Villager (Male) |
| 3:16 | Create | Villager (Male) |
| 3:16 | Create | Villager (Male) |
| 3:25 | Build | Mill |
| 3:40 | Create | Villager (Male) |
| 4:18 | Create | Villager (Male) |
| 4:49 | Create | Villager (Male) |
| 5:20 | Create | Villager (Male) |
| 5:20 | Create | Villager (Male) |
| 5:49 | Research | Loom |
| 6:32 | Research | Feudal Age |
| 6:32 | Research | Feudal Age |
| 7:10 | Build | Barracks |
| 7:19 | Build | House |
| 7:48 | Build | House |
| 8:05 | Create | Villager (Male) |
| 8:50 | Age | Feudal Age |
| 8:52 | Build | Stable |
| 8:55 | Research | Double-Bit Axe |
| 8:55 | Research | Horse Collar |
| 8:55 | Research | Horse Collar |
| 8:59 | Create | Villager (Male) |
| 9:27 | Build | House |
| 9:33 | Create | Villager (Male) |
| 9:36 | Create | Scout Cavalry |
| 9:53 | Build | Watch Tower |
| 9:55 | Create | Villager (Male) |
| 10:12 | Build | Farm |
| 10:14 | Build | Farm |
| 10:17 | Create | Villager (Male) |
| 10:31 | Create | Scout Cavalry |
| 10:37 | Build | Farm |
| 10:42 | Create | Villager (Male) |
| 10:43 | Build | Farm |
| 11:03 | Create | Villager (Male) |
| 11:07 | Build | Farm |
| 11:08 | Create | Scout Cavalry |
| 11:20 | Create | Villager (Male) |
| 11:31 | Create | Villager (Male) |
| 11:44 | Create | Villager (Male) |
| 11:58 | Create | Villager (Male) |
| 12:16 | Build | House |
| 12:19 | Build | House |
| 12:21 | Build | Palisade Wall |
| 12:23 | Build | Palisade Wall |
| 12:32 | Create | Villager (Male) |
| 12:53 | Create | Villager (Male) |
| 13:05 | Build | House |
| 13:07 | Build | Palisade Wall |
| 13:08 | Build | Palisade Wall |
| 13:15 | Create | Spearman |
| 13:18 | Build | Mining Camp |
| 13:27 | Create | Villager (Male) |
| 13:34 | Create | Spearman |
| 13:38 | Create | Scout Cavalry |
| 13:43 | Build | Palisade Wall |
| 13:59 | Create | Spearman |
| 14:05 | Create | Villager (Male) |
| 14:10 | Build | Palisade Wall |
| 14:12 | Build | Palisade Wall |
| 14:18 | Build | Palisade Wall |
| 14:18 | Build | Palisade Wall |
| 14:23 | Create | Villager (Male) |
| 14:25 | Create | Spearman |
| 14:34 | Build | Watch Tower |
| 14:49 | Build | Mill |
| 14:50 | Build | Farm |
| 15:03 | Create | Scout Cavalry |
| 15:20 | Create | Villager (Male) |
| 15:22 | Create | Scout Cavalry |
| 15:33 | Build | Farm |
| 15:37 | Build | Farm |
| 15:40 | Build | Farm |
| 15:49 | Create | Spearman |
| 16:01 | Create | Villager (Male) |
| 16:05 | Build | Farm |
| 16:07 | Create | Scout Cavalry |
| 16:18 | Build | Watch Tower |
| 16:33 | Create | Scout Cavalry |
| 16:36 | Create | Villager (Male) |
| 16:39 | Build | Farm |
| 16:49 | Build | Farm |
| 16:54 | Create | Villager (Male) |
| 17:20 | Create | Villager (Male) |
| 17:22 | Build | Farm |
| 17:25 | Create | Scout Cavalry |
| 17:47 | Create | Villager (Male) |
| 17:51 | Build | Blacksmith |
| 17:57 | Research | Town Watch |
| 17:57 | Research | Wheelbarrow |
| 18:27 | Build | Watch Tower |
| 18:33 | Research | Fletching |
| 18:36 | Build | Mining Camp |
| 18:47 | Research | Scale Barding Armor |
| 19:05 | Create | Villager (Male) |
| 19:24 | Create | Villager (Male) |
| 19:26 | Research | Bloodlines |
| 19:33 | Build | Market |
| 19:49 | Build | Farm |
| 19:50 | Build | Farm |
| 20:19 | Create | Villager (Male) |
| 20:36 | Build | House |
| 20:55 | Build | House |
| 21:01 | Build | Watch Tower |
| 21:05 | Build | Watch Tower |
| 21:11 | Build | Watch Tower |
| 21:23 | Build | Watch Tower |
| 21:26 | Create | Villager (Male) |
| 21:39 | Build | Farm |
| 21:41 | Build | Farm |
| 21:45 | Research | Castle Age |
| 21:46 | Research | Castle Age |
| 22:14 | Build | Mining Camp |
| 22:20 | Research | Forging |
| 22:24 | Create | Scout Cavalry |
| 22:37 | Research | Stone Mining |
| 22:37 | Research | Stone Mining |
| 22:37 | Research | Stone Mining |
| 22:46 | Build | Farm |
| 22:46 | Build | Farm |
| 22:46 | Build | Farm |
| 22:57 | Create | Scout Cavalry |
| 23:15 | Build | Lumber Camp |
| 23:34 | Research | Gold Mining |
| 24:00 | Build | Farm |
| 24:16 | Create | Villager (Male) |
| 24:25 | Build | Stable |
| 24:31 | Age | Castle Age |
| 24:33 | Research | Chain Barding Armor |
| 24:35 | Research | Husbandry |
| 24:37 | Create | Knight |
| 24:37 | Create | Knight |
| 24:53 | Create | Knight |
| 24:56 | Create | Knight |
| 24:57 | Create | Villager (Male) |
| 25:30 | Create | Knight |
| 25:30 | Create | Knight |
Match timeline
| 4:45 | Hackali · wall_segment Palisade Wall x1 |
| 4:47 | Hackali · wall_segment Palisade Wall x1 |
| 5:37 | Hackali · wall_segment Palisade Wall x5 |
| 5:45 | Hackali · wall_segment Palisade Wall x5 |
| 6:05 | Hackali · wall_segment Palisade Wall x5 |
| 6:53 | Hackali · wall_segment Palisade Wall x7 |
| 7:10 | Roxola1285 · first_building Barracks |
| 7:10 | Hackali · wall_segment Palisade Wall x5 |
| 7:23 | Hackali · wall_segment Palisade Wall x7 |
| 8:09 | Hackali · wall_segment Palisade Wall x8 |
| 8:26 | Hackali · wall_segment Palisade Wall x1 |
| 8:50 | Roxola1285 · age_up feudal |
| 8:52 | Roxola1285 · first_building Stable |
| 9:01 | Hackali · wall_segment Palisade Wall x4 |
| 9:36 | Hackali · wall_segment Palisade Wall x2 |
| 9:48 | Hackali · age_up feudal |
| 9:54 | Hackali · first_building Stable |
| 9:59 | Hackali · wall_segment Palisade Wall x1 |
| 10:00 | Hackali · wall_segment Palisade Wall x1 |
| 10:48 | Hackali · wall_segment Palisade Wall x1 |
| 10:50 | Hackali · wall_segment Palisade Wall x1 |
| 10:52 | Hackali · wall_segment Palisade Wall x1 |
| 11:14 | Hackali · wall_segment Palisade Wall x1 |
| 11:22 | Hackali · wall_segment Palisade Wall x1 |
| 12:21 | Roxola1285 · wall_segment Palisade Wall x1 |
| 12:23 | Roxola1285 · wall_segment Palisade Wall x1 |
| 13:07 | Roxola1285 · wall_segment Palisade Wall x1 |
| 13:08 | Roxola1285 · wall_segment Palisade Wall x2 |
| 13:43 | Roxola1285 · wall_segment Palisade Wall x1 |
| 14:09 | Hackali · wall_segment Palisade Wall x1 |
| 14:10 | Roxola1285 · wall_segment Palisade Wall x1 |
| 14:12 | Roxola1285 · wall_segment Palisade Wall x1 |
| 14:18 | Roxola1285 · wall_segment Palisade Wall x1 |
| 14:18 | Roxola1285 · wall_segment Palisade Wall x1 |
| 14:35 | Hackali · first_building Archery Range |
| 14:46 | Hackali · wall_segment Palisade Wall x1 |
| 16:09 | Hackali · wall_segment Palisade Wall x1 |
| 16:24 | Hackali · wall_segment Palisade Wall x1 |
| 17:34 | Hackali · wall_segment Palisade Wall x1 |
| 21:32 | Roxola1285 · first_market_buy 100 food |
| 21:33 | Roxola1285 · first_market_sell 100 wood |
| 22:29 | Hackali · wall_segment Palisade Wall x1 |
| 22:30 | Hackali · wall_segment Palisade Wall x1 |
| 22:37 | Hackali · wall_segment Palisade Wall x1 |
| 24:31 | Roxola1285 · age_up castle |
| 24:33 | Hackali · age_up castle |
| 25:41 | Roxola1285 · first_building Castle |
| 30:55 | Roxola1285 · first_building Siege Workshop |
| 34:22 | Hackali · resign |
[ AI ANALYSIS · 1 CREDIT ]
What really happened in this match?
Wolo.gg analyzes every decision: build order, eco, micro, common mistakes by bracket. Personalized analysis on WhatsApp or Discord in 30 seconds.
Civ guide
Khmer
Perfil
Hackali